 Dungeon Crawl Stone Soup version 0.21-a0-346-g330ab2c (webtiles) character file.

221252 RKaid the Impaler (level 18, -9/179 HPs)
             Began as a Yellow Draconian Chaos Knight on Oct 3, 2017.
             Killed from afar by a storm dragon (31 damage)
             ... with a bolt of lightning
             ... on level 4 of the Swamp on Oct 5, 2017.
             The game lasted 03:45:30 (52827 turns).

RKaid the Impaler (Yellow Draconian Chaos Knight)  Turns: 52827, Time: 03:45:31

Health: -9/179     AC: 17    Str: 25      XL:     18   Next: 87%
Magic:  19/24      EV: 16    Int: 16 (18) God:    Xom [...*..]
Gold:   4002       SH:  4    Dex:  8 (9)  Spells: 7/17 levels left

rFire    . . .     SeeInvis +   a - +7 quarterstaff of Insufficient Pleasure {speed, Str+5}
rCold    . . .     Gourm    .   (shield currently unavailable)
rNeg     . . .     Faith    .   (armour unavailable)
rPois    +         Spirit   .   H - +0 hat {SInv}
rElec    .         Reflect  +   N - +2 cloak {+Inv}
rCorr    +         Harm     .   X - +1 pair of gloves {Str+3}
MR       +....                  l - +1 pair of boots {Stlth+}
Stlth    ++........             K - +4 amulet of reflection
HPRegen  0.39/turn              C - ring of poison resistance {rPois}
MPRegen  0.19/turn              W - ring of wizardry {Wiz+}

@: berserk cooldown, very slightly contaminated, slowed, drained, very slow
A: spit acid, acid resistance, unfitting armour, antennae 2, fangs 1, clumsy 1,
high mp 1, robust 1, wild magic 1, acidic bite, cold-blooded, AC +10
a: Breathe Acid, Renounce Religion, Evoke Invisibility


You were on level 4 of the Swamp.
You worshipped Xom.
You were a favourite toy of Xom.
You were hungry.

You visited 6 branches of the dungeon, and saw 32 of its levels.
You also visited: Sewer, Ossuary, Bailey and Volcano.

You collected 4651 gold pieces.
You spent 649 gold pieces at shops.

Inventory:

Hand Weapons
 a - the +7 quarterstaff of Insufficient Pleasure (weapon) {speed, Str+5}
   (You found it on level 12 of the Dungeon)

   Attacks with this weapon are significantly faster.
   It affects your strength (+5).
 b - a +2 hunting sling of flaming
   (You took it off a wight on level 8 of the Dungeon)
 w - a +2 vampiric war axe
   (You took it off an orc warlord in a bailey)
 Z - a +3 broad axe
   (You took it off a tengu warrior on level 15 of the Dungeon)
Missiles
 d - 600 stones (quivered)
 B - 88 sling bullets
Armour
 l - a +1 pair of boots of stealth (worn)
   (You acquired it on level 9 of the Dungeon)
 q - a +0 shield
   (You found it on level 3 of the Swamp)
 H - a +0 hat of see invisible (worn)
   (You acquired it on level 3 of the Lair of Beasts)
 M - the scarf "Ickeifif" {rElec MP-9 Int+5}
   (Xom gifted it to you on level 7 of the Dungeon)

   It affects your intelligence (+5).
   It insulates you from electricity.
   It affects your magic capacity (-9).
 N - a +2 cloak of invisibility (worn)
   (You found it on level 5 of the Dungeon)
 X - a +1 pair of gloves of strength (worn)
   (You bought it in a shop on level 4 of the Dungeon)
Jewellery
 j - a +3 ring of protection
   (You found it on level 2 of the Dungeon)
 C - a ring of poison resistance (left hand) {rPois}
   (You found it on level 2 of the Dungeon)
 E - an uncursed amulet of guardian spirit {Spirit}
   (You found it on level 3 of the Spider Nest)
 K - a +4 amulet of reflection (around neck)
   (You found it on level 6 of the Lair of Beasts)
 O - an uncursed ring of protection from fire {rF+}
   (You found it on level 1 of the Spider Nest)
 P - the ring of Xom's Best Wishes {MR+ Dex+4}
   (You took it off an orc on level 7 of the Dungeon)

   [ring of protection from magic]

   It affects your dexterity (+4).
   It affects your resistance to hostile enchantments.
 W - a ring of wizardry (right hand) {Wiz+}
   (You found it on level 4 of the Lair of Beasts)
Wands
 e - a wand of iceblast (0/15)
   (You found it on level 14 of the Dungeon)
 f - a wand of scattershot (2/9)
   (You found it on level 4 of the Swamp)
 r - a wand of paralysis (6/24)
   (You found it on level 2 of the Swamp)
 A - a wand of acid (3/15)
   (You found it on level 2 of the Swamp)
 S - a wand of acid (1/15)
   (Xom gifted it to you on level 3 of the Swamp)
Scrolls
 g - a scroll of magic mapping {!r}
 k - 4 scrolls of enchant weapon
 n - 7 scrolls of teleportation
 o - 15 scrolls of remove curse
 D - 4 scrolls of fog
 T - 3 scrolls of silence
Potions
 c - 2 potions of curing
 m - 4 potions of agility
 p - 3 potions of haste
 s - a potion of mutation {!q!q}
 u - 3 potions of brilliance
 x - a potion of berserk rage {!q}
 F - 4 potions of invisibility
 G - 2 potions of cancellation
 I - 7 potions of resistance
 L - 4 potions of might
Books
 t - a book of Fire
   (You found it on level 15 of the Dungeon)
 z - a book of Conjurations
   (You found it on level 3 of the Spider Nest)
 R - a book of Spatial Translocations
   (You found it on level 4 of the Spider Nest)
Miscellaneous
 v - a sack of spiders
 Q - a lamp of fire (inert)
   (You found it on level 4 of the Spider Nest)
 V - a fan of gales
   (You found it on level 9 of the Dungeon)
Comestibles
 h - 10 meat rations
 y - 8 bread rations


   Skills:
 - Level 15.0(14.3) Fighting
 - Level 13.3(15.3) Axes
   Level 15.0(16.1) Polearms
 + Level 2.0(9.7) Staves
 - Level 11.1(10.5) Dodging
 - Level 15.0(14.3) Shields
 + Level 7.4(6.8) Summonings
 + Level 5.9(5.4) Translocations
 - Level 5.0(4.4) Air Magic
 - Level 6.0(5.5) Evocations


You had 7 spell levels left.
You knew the following spells:

 Your Spells              Type           Power        Failure   Level  Hunger
a - Passage of Golubria   Tloc           N/A          14%         4    #####..
b - Summon Lightning Spi  Summ/Air       ###.....     13%         4    #####..
B - Blink                 Tloc           N/A          2%          2    ###....


Dungeon Overview and Level Annotations

Branches:
Dungeon (15/15)            Temple (0/1) D:6            Lair (6/6) D:11
  Swamp (4/4) Lair:3       Spider (4/4) Lair:3        Slime (0/5) Lair:5
    Orc (2/2) D:9             Elf (1/3) Orc:2        Vaults (0/5) D:14
 Depths (0/5) D:15

Altars:
Dithmenos
Nemelex Xobeh
Qazlal
Sif Muna
Trog
Uskayaw
Vehumet
Wu Jian
Xom
Yredelemnul

Shops:
D:4 [   D:6 *   D:9 (   D:14 ?%%[   Orc:2 *:%(=

Annotations:
D:7 exclusion: Joseph, Joseph
D:13 1 runed door
D:15 Roxanne
Swamp:4 Kirke
Spider:3 exclusion: ice statue
Spider:4 ohados's ghost, adept DsBe


Innate Abilities, Weirdness & Mutations

You can spit globs of acid.
You are resistant to acid.
Your golden yellow scales are hard. (AC +10)
You cannot fit into any form of body armour.
You have acidic saliva.
You are cold-blooded and may be slowed by cold attacks.
You have a pair of antennae on your head.
You have very sharp teeth.
You are clumsy. (Dex -2)
You have an increased reservoir of magic. (+10% MP)
You are robust. (+10% HP)
Your spells are a little harder to cast, but a little more powerful.


Message History

The swamp dragon claws you but does no damage.
The swamp dragon tramples you but does no damage.
You barely miss the swamp dragon.
You tail-slap the swamp dragon, but do no damage.
You sock the swamp dragon! The swamp dragon closely misses you.
The swamp dragon misses you. The swamp dragon tramples you.
You stumble backwards!
Splash!
You fall into the shallow water.
Moving in this stuff is going to be slow.
Your lightning spire shoots out a bolt of lightning at the swamp dragon!
The bolt of electricity hits the swamp dragon.
The storm dragon is engulfed in poison gas.
The storm dragon is poisoned.
The swamp dragon bites your lightning spire.
The swamp dragon claws your lightning spire but does no damage.
The swamp dragon tramples your lightning spire but does no damage.
The storm dragon bites your lightning spire!
The storm dragon claws your lightning spire but does no damage.
The storm dragon barely misses your lightning spire.
Your lightning spire shoots out a bolt of lightning at the swamp dragon!
The bolt of electricity hits the swamp dragon.
The storm dragon breathes lightning at you.
The bolt of lightning hits you!
A shower of butterflies erupts from you!
The tree smoulders and burns.
The swamp dragon bites your lightning spire but does no damage.
The swamp dragon claws your lightning spire.
The swamp dragon tramples your lightning spire but does no damage.
Your lightning spire shoots out a bolt of lightning at the swamp dragon!
The bolt of electricity hits the swamp dragon.
Evoke which item? (* to show all) (? for menu, Esc to quit)
Aiming: Corrosive Bolt
Press: ? - help, Shift-Dir - straight line The bolt of acid hits the storm dragon.
The storm dragon is splashed with acid.
The acid corrodes the storm dragon!
This wand has 3 charges left.
The swamp dragon bites your lightning spire.
Your lightning spire is destroyed!
You bludgeon the storm dragon!! You tail-slap the storm dragon.
The storm dragon breathes lightning at you.
The bolt of lightning hits you!
* * * LOW HITPOINT WARNING * * *
The tree smoulders and burns.
Okay, then.
Really quaff
x - 2 potions of berserk rage {!q}? [Y]es or [N]o only, please.
Really quaff
x - 2 potions of berserk rage {!q}?
A red film seems to cover your vision as you go berserk!
You feel yourself moving faster!
You feel mighty! The storm dragon bites you.
* * * LOW HITPOINT WARNING * * *
The storm dragon barely misses you.
The storm dragon tramples you but does no damage.
You bludgeon the storm dragon!! The swamp dragon closely misses you.
The swamp dragon claws you!
* * * LOW HITPOINT WARNING * * *
The swamp dragon misses you.
You thump the storm dragon! You tail-slap the storm dragon!
The storm dragon bites you.
* * * LOW HITPOINT WARNING * * *
The storm dragon barely misses you. The storm dragon tramples you!
* * * LOW HITPOINT WARNING * * *
You stumble backwards!
You hit the storm dragon. You hit the storm dragon.
The storm dragon looks more healthy.
The storm dragon misses you. The storm dragon claws you.
* * * LOW HITPOINT WARNING * * *
The storm dragon tramples you.
* * * LOW HITPOINT WARNING * * *
You stumble backwards!
Splash!
You fall into the shallow water.
Moving in this stuff is going to be slow.
Your unstable footing causes you to fumble your attack.
You are engulfed in blazing flames.
* * * LOW HITPOINT WARNING * * *
Your unstable footing causes you to fumble your attack.
You are engulfed in blazing flames.
* * * LOW HITPOINT WARNING * * *
You are engulfed in a cloud of scalding steam.
You have got your breath back.
Xom calls forth mighty explosions.
The fireball engulfs the swamp dragon.
The fireball engulfs the storm dragon.
The storm dragon appears unharmed.
You feel a strong urge to attack something.
The storm dragon closely misses your butterfly.
The storm dragon claws your butterfly.
Your butterfly dies!
The swamp dragon barely misses your butterfly.
The swamp dragon closely misses your butterfly.
The swamp dragon completely misses your butterfly.
The storm dragon roars deafeningly!
You feel your anger subside.
You are no longer berserk.
You are exhausted.
You feel yourself slow down. The swamp dragon bites your butterfly.
Your butterfly dies!
The storm dragon breathes lightning at you.
The bolt of lightning hits you!
You die...
Xom chuckles heartily!

....♣♣♣.≈♣≈.≈.≈..≈♣♣
≈≈..≈♣.≈..≈≈≈.≈≈≈♣≈♣
.≈.....≈.≈≈...≈≈./.♣♣
.....{♣♣♣≈≈≈n..≈≈≈≈.♣
♣....♣
♣≈≈≈≈.≈.≈≈≈≈≈♣♣
.≈?≈≈≈♣≈≈§.≈≈≈§≈≈.≈≈♣
♣.≈≈≈..♣≈.≈≈≈DD...§♣
♣
♣≈≈≈≈≈≈≈.≈≈≈≈†...♣♣♣
♣ ♣§.≈≈≈≈≈≈≈≈..[@≈♣♣
♣ ♣♣≈≈≈≈≈≈≈≈.♣♣♣♣≈♣ .
≈≈♣.≈≈≈≈≈§≈♣ ♣♣≈♣ .≈≈
♣♣♣....♣♣♣ ♣§♣ ≈≈≈
♣♣♣≈≈♣ ♣♣ ♣≈≈≈≈ ♣≈≈≈≈
∆ ≈≈ ≈≈≈


You could see a storm dragon, a swamp dragon and a bog body.

Vanquished Creatures
  Arachne (Spider:4)
  Rupert (Lair:5)
  A thorn hunter (Swamp:3)
  An orc warlord (Bailey)
  2 emperor scorpions
  Nessos (D:15)
  Snorg (Lair:5)
  2 ettins
  The ghost of EvilAshe the Fighter, a journeyman OgBe of Trog (D:11)
  A fire dragon (D:11)
  2 ogre magi (Orc:2)
  21 hydras
  A vault guard (D:14)
  Fannar (Lair:1)
  2 ice dragons
  Erolcha (D:12)
  2 ghost crabs
  5 centaur warriors
  2 spark wasps
  5 alligators
  A satyr (Spider:3)
  12 two-headed ogres
  A tengu warrior (D:15)
  Urug (D:14)
  Sonja (Lair:3)
  A spectral emperor scorpion (Spider:4)
  5 unseen horrors
  2 deep trolls
  A harpy (Lair:3)
  2 shambling mangroves
  9 swamp dragons
  5 orc knights
  9 ugly things
  A lindwurm (Lair:3)
  26 wolf spiders
  14 orb spiders
  2 deep elf magi
  4 moths of wrath
  A manticore (D:14)
  10 cyclopes
  A rust devil (D:12)
  A guardian serpent (Lair:2)
  4 elephants
  A spiny frog (shapeshifter) (D:14)
  8 black mambas
  3 gargoyles
  13 spiny frogs
  10 komodo dragons
  3 torpor snails
  2 spectral redbacks (Spider:4)
  14 demonic crawlers
  2 redback zombies (Spider:4)
  4 rime drakes
  A komodo dragon (shapeshifter) (D:15)
  12 trolls
  A wind drake (shapeshifter) (D:13)
  A spectral jumping spider (Spider:4)
  2 polar bears (Lair:5)
  4 tyrant leeches
  31 jumping spiders
  8 blink frogs
  15 hornets
  5 bog bodies
  2 spectral tarantellas (Spider:4)
  2 wind drakes
  2 tarantella zombies (Spider:4)
  A hippogriff (shapeshifter) (D:15)
  7 slime creatures
  5 dream sheep
  A meliai zombie (D:14)
  A snapping turtle (shapeshifter) (D:15)
  9 hippogriffs
  2 jumping spider zombies (Spider:4)
  A dream sheep (shapeshifter) (Lair:1)
  64 redbacks
  4 shadows
  4 spriggans
  19 wyverns
  A water elemental (D:12)
  A hog (shapeshifter) (Lair:6)
  A wyvern (shapeshifter) (D:7)
  29 yaks
  19 tarantellas
  A vampire (D:13)
  2 wraiths
  6 basilisks
  A hungry ghost (D:12)
  13 fire bats
  A hog (Swamp:4)
  13 vampire mosquitoes
  3 steam dragons (Volcano)
  12 insubstantial wisps
  6 wargs
  3 acid dragons
  A hell hound (Volcano)
  27 swamp worms
  18 water moccasins
  Duvessa (D:4)
  9 ice beasts
  4 porcupines
  Purgy (Sewer)
  18 orc warriors
  11 swamp drakes
  A meliai simulacrum (D:14)
  4 black bears
  2 hornet zombies
  3 sky beasts
  2 phantoms
  An eye of draining (D:15)
  23 ogres
  9 centaurs
  12 crocodiles
  2 big kobolds
  A wyvern zombie (D:13)
  20 bullfrogs
  2 scorpions
  A killer bee (shapeshifter) (D:3)
  12 wights
  31 killer bees
  2 troll zombies (Ossuary)
  9 howler monkeys
  6 electric eels
  5 crimson imps
  2 quasits
  A jelly (shapeshifter) (D:7)
  A bullfrog skeleton (D:10)
  4 centaur zombies
  7 hounds
  7 jellies
  10 orc priests
  6 centaur skeletons
  15 orc wizards
  12 iguanas
  12 worker ants
  A killer bee zombie (D:8)
  An ogre zombie (Ossuary)
  7 mummies (Ossuary)
  23 gnolls
  A howler monkey skeleton (D:5)
  19 adders
  4 shadow imps
  An ufetubus (D:12)
  2 oozes
  4 adder zombies
  3 adder skeletons
  3 worms
  4 dart slugs
  7 leopard geckos
  60 orcs
  2 giant cockroaches
  21 goblins
  18 hobgoblins
  12 jackals
  7 quokkas
  A ball python (D:8)
  8 bats
  2 frilled lizards
  4 goblin zombies (Ossuary)
  3 hobgoblin zombies (Ossuary)
  2 jackal zombies
  16 kobolds
  7 kobold zombies (Ossuary)
  4 quokka zombies
  9 rats
  4 rat zombies (Ossuary)
1119 creatures vanquished.

Vanquished Creatures (collateral kills)
  A spark wasp (Spider:4)
  A centaur warrior (D:13)
  A deep troll (Orc:2)
  2 wolf spiders
  A faun (Lair:2)
  The ghost of RKaid the Slinger, a novice HaAM (D:5)
  2 spiny frogs (Lair:6)
  A guardian serpent (Lair:6)
  A demonic crawler (Spider:3)
  3 jumping spiders
  2 hornets
  A hippogriff (Lair:5)
  A yak (D:13)
  A spriggan (Swamp:4)
  2 tarantellas (Spider:3)
  3 orc warriors (Bailey)
  A swamp drake (Swamp:4)
  2 ogres (Orc:2)
  A crocodile (Lair:5)
  A killer bee (D:8)
  A bullfrog zombie (D:8)
  A jelly (D:8)
  A gnoll (Bailey)
  A leopard gecko (D:8)
  4 orcs
  A jackal (D:3)
38 creatures vanquished.

Vanquished Creatures (others)
  Aizul (Spider:1)
  A centaur warrior (D:15)
  A shambling mangrove (Swamp:4)
  A deep elf archer (D:15)
  A wizard (D:14)
  A manticore (D:14)
  2 ugly things
  An orc warrior (Bailey)
  A tyrant leech (Swamp:3)
  A tarantella (Spider:2)
  A yak (D:7)
  A swamp worm (Swamp:3)
  A swamp drake (Swamp:2)
  2 centaurs
  A crocodile (Lair:6)
  A crimson imp (D:9)
  A bullfrog skeleton (D:7)
  A goblin zombie (Ossuary)
  A briar patch (Swamp:3)
  8 bushes (Lair:3)
  21 fungi
  23 plants
73 creatures vanquished.

Grand Total: 1230 creatures vanquished

Notes
Turn   | Place    | Note
-------+----------+-------------------------------------------
     0 | D:1      | RKaid the Draconian Chaos Knight began the quest for the Orb.
     0 | D:1      | Reached XP level 1. HP: 19/19 MP: 1/1
   267 | D:1      | Reached XP level 2. HP: 25/26 MP: 2/2
   293 | D:1      | XOM: harmless Conj miscast
   310 | D:1      | XOM: mild Summ miscast
   581 | D:2      | Reached XP level 3. HP: 26/33 MP: 3/3
   658 | D:2      | Found a radiant altar of Vehumet.
   659 | D:2      | Found a basalt altar of Yredelemnul.
   970 | D:2      | Found a faded altar of an unknown god.
   999 | D:2      | Reached skill level 4 in Polearms
  1200 | D:3      | XOM: summons friendly shadow imp
  1206 | D:3      | Reached XP level 4. HP: 39/40 MP: 4/4
  1210 | D:3      | Reached skill level 4 in Fighting
  1216 | D:3      | Found a deep blue altar of Sif Muna.
  1268 | D:3      | Found a shadowy altar of Dithmenos.
  1444 | D:3      | Noticed Sigmund
  1479 | D:3      | XOM: give mutations
  1479 | D:3      | Gained mutation: Your flesh is heat resistant. (rF+) [Xom's grace]
  1479 | D:3      | Gained mutation: Your mind is acute. (Int +2) [Xom's grace]
  1479 | D:3      | Gained mutation: Your flesh is very heat resistant. (rF++) [Xom's grace]
  1497 | D:2      | XOM: scenery: create altars
  1643 | D:2      | XOM: god gift: chain mail {god gift}
  1658 | D:3      | Noticed Sigmund
  1658 | D:3      | Sigmund changed into Sigmund the hound
  1658 | D:3      | XOM: polymorph Sigmund -> Sigmund the hound
  1666 | D:3      | Killed Sigmund the hound
  1666 | D:3      | Reached skill level 3 in Dodging
  1666 | D:3      | Reached XP level 5. HP: 41/46 MP: 5/5
  2059 | D:3      | Reached skill level 5 in Polearms
  2214 | D:3      | XOM: give mutations
  2214 | D:3      | Gained mutation: You have very sharp teeth. [Xom's grace]
  2214 | D:3      | Gained mutation: You are agile. (Dex +2) [Xom's grace]
  2214 | D:3      | Gained mutation: Your system is resistant to poisons. (rPois) [Xom's grace]
  2214 | D:3      | Gained mutation: Your tail ends in a poisonous barb. [Xom's grace]
  2390 | D:4      | Found a sparkling altar of Nemelex Xobeh.
  2417 | D:4      | XOM: give mutations
  2417 | D:4      | Gained mutation: Your flesh is cold resistant. (rC+) [Xom's grace]
  2417 | D:4      | Gained mutation: You are very agile. (Dex +4) [Xom's grace]
  2446 | D:4      | Found Zibicse's Armour Shoppe.
  2450 | D:4      | Bought a +0 pair of gloves of strength for 149 gold pieces
  2512 | D:4      | XOM: 1-stop teleportation journey
  2520 | D:4      | Reached XP level 6. HP: 48/53 MP: 6/6
  2561 | D:4      | XOM: 1-stop teleportation journey
  2619 | D:4      | XOM: confuse monster(s)
  2620 | D:4      | XOM: fog
  2695 | D:4      | Reached skill level 5 in Fighting
  2775 | D:4      | XOM: enchant monster (bad)
  2820 | D:4      | Reached skill level 6 in Polearms
  2832 | D:4      | Your scales start taking on a golden yellow colour.
  2832 | D:4      | Reached XP level 7. HP: 53/61 MP: 7/7
  3074 | D:4      | Reached skill level 4 in Dodging
  3203 | D:4      | Noticed Duvessa
  3203 | D:4      | Noticed Dowan
  3203 | D:4      | XOM: cleaving
  3215 | D:4      | Noticed Dowan
  3215 | D:4      | Dowan changed into Dowan the howler monkey
  3215 | D:4      | XOM: polymorph Dowan -> Dowan the howler monkey
  3457 | D:4      | Killed Dowan the howler monkey
  3464 | D:4      | Killed Duvessa
  3846 | D:5      | Entered Level 5 of the Dungeon
  3864 | D:5      | XOM: enchant monster (good)
  3888 | D:5      | Noticed RKaid's ghost (novice HaAM)
  3916 | D:4      | XOM: harmless Necr miscast
  4041 | D:5      | XOM: scenery: create altars
  4086 | D:5      | Reached skill level 7 in Polearms
  4107 | D:5      | XOM: blink monster(s)
  4118 | D:5      | Reached skill level 6 in Fighting
  4120 | D:5      | XOM: stat loss: -1 Dex (13/14)
  4170 | D:5      | XOM: cast spell 'Statue Form'
  4179 | D:5      | XOM: 5-stop teleportation journey
  4183 | D:5      | XOM: enchant monster (good)
  4194 | D:5      | XOM: summons friendly shadow imp
  4204 | D:5      | XOM: enchant monster (bad)
  4218 | D:5      | HP: 14/63 [something (4)]
  4332 | D:4      | XOM: torment (25/63 hp)
  4426 | D:4      | XOM: mild Fire miscast
  4651 | D:5      | XOM: confusion (+ monsters)
  4662 | D:5      | XOM: swap monsters
  4739 | D:5      | XOM: 1-stop teleportation journey
  4902 | D:5      | XOM: noise
  4946 | D:5      | XOM: give mutations
  4946 | D:5      | Lost mutation: Your system is resistant to poisons. (rPois) [Xom's mischief]
  4946 | D:5      | Lost mutation: You are very agile. (Dex +4) [Xom's mischief]
  4946 | D:5      | Lost mutation: Your tail ends in a poisonous barb. [Xom's mischief]
  4997 | D:5      | XOM: mild Tloc miscast
  4998 | D:5      | Noticed a spatial vortex
  5209 | D:5      | Reached XP level 8. HP: 67/70 MP: 8/8
  5347 | D:5      | XOM: confusion
  5350 | D:5      | XOM: mild Tloc miscast
  5494 | D:5      | XOM: enchant monster (good)
  5502 | D:5      | XOM: torment (36/70 hp)
  5681 | D:4      | XOM: summons 1 hostile demon
  5714 | D:5      | XOM: summons friendly ufetubus
  5728 | D:5      | Killed RKaid's ghost
  5728 | D:5      | Reached skill level 8 in Polearms
  5728 | D:5      | Reached skill level 5 in Dodging
  5790 | D:5      | XOM: harmless Air miscast
  5990 | D:6      | XOM: cloud trail
  6053 | D:6      | Found Cir Jir's Assorted Antiques.
  6142 | D:6      | Found a staircase to the Ecumenical Temple.
  6160 | D:6      | Found a glowing drain.
  6180 | Sewer    | Entered a sewer
  6245 | Sewer    | Noticed Purgy
  6254 | Sewer    | Killed Purgy
  6254 | Sewer    | Reached skill level 1 in Evocations
  6345 | D:6      | XOM: mild Chrm miscast
  6393 | D:6      | XOM: god gift: 50 gold pieces
  6445 | D:6      | XOM: 3-stop teleportation journey
  6452 | D:6      | XOM: potion effect (agility)
  6671 | D:6      | Reached skill level 7 in Fighting
  7006 | D:7      | Reached skill level 2 in Evocations
  7006 | D:7      | XOM: divine lightning
  7020 | D:7      | Reached XP level 9. HP: 54/79 MP: 10/10
  7034 | D:7      | Reached skill level 9 in Polearms
  7059 | D:6      | Reached skill level 3 in Evocations
  7243 | D:6      | XOM: potion effect (heal wounds)
  7364 | D:7      | XOM: confusion
  7398 | D:7      | Reached skill level 8 in Fighting
  7418 | D:7      | Reached skill level 10 in Polearms
  7418 | D:7      | Reached skill level 4 in Evocations
  7440 | D:7      | XOM: confuse monster(s)
  7445 | D:7      | XOM: god gift: scorched scarf {god gift}
  7448 | D:7      | Got a scorched scarf {god gift}
  7492 | D:7      | XOM: torment (36/81 hp)
  7514 | D:7      | XOM: give mutation
  7514 | D:7      | Lost mutation: Your mind is acute. (Int +2) [Xom's mischief]
  7520 | D:7      | XOM: polymorph sky beast -> acid dragon
  7525 | D:7      | XOM: cleaving
  7527 | D:7      | HP: 17/81 [acid dragon (13)]
  7528 | D:7      | XOM: give mutations
  7528 | D:7      | Gained mutation: Your muscles are strong. (Str +2) [Xom's grace]
  7528 | D:7      | Gained mutation: You have a pair of small antennae on your head. [Xom's grace]
  7528 | D:7      | Gained mutation: You have large cloven feet. [Xom's grace]
  7528 | D:7      | Gained mutation: You are resistant to hostile enchantments. (MR+) [Xom's grace]
  7528 | D:7      | HP: 6/81 [acid (8)]
  7564 | D:7      | Noticed Joseph
  7613 | D:7      | XOM: enchant monster (good)
  7615 | D:7      | XOM: cleaving
  7628 | D:7      | XOM: cleaving
  7652 | D:7      | Got a scorched bone ring
  7656 | D:7      | Found a sand-covered staircase.
  7675 | D:7      | XOM: enchant monster (good)
  7677 | Ossuary  | Entered an ossuary
  8020 | Ossuary  | XOM: harmless Tloc miscast
  8152 | Ossuary  | XOM: scenery: 1 doors close
  8192 | Ossuary  | Reached XP level 10. HP: 90/90 MP: 13/13
  8679 | D:7      | Identified the ring of Xom's Best Wishes {MR+ Dex+4} (You took it off an orc on level 7 of the Dungeon)
  8682 | D:7      | Identified the scarf "Ickeifif" {rElec MP-9 Int+5} (Xom gifted it to you on level 7 of the Dungeon)
  8694 | D:7      | Identified a scroll of acquirement
  8757 | D:7      | XOM: summons 1 hostile shadow creature
  9082 | D:8      | Reached skill level 5 in Evocations
  9098 | D:8      | XOM: medium Tmut miscast
  9125 | D:8      | Found a hide-covered altar of Uskayaw.
  9144 | D:8      | XOM: summons 10 friendly demons
  9211 | D:8      | XOM: 6-stop teleportation journey
  9212 | D:8      | Noticed a cyclops
  9353 | D:7      | Reached skill level 11 in Polearms
  9413 | D:7      | XOM: repel stairs
  9439 | D:7      | Reached skill level 9 in Fighting
  9682 | D:7      | XOM: divination: detect items
  9883 | D:8      | Noticed a two-headed ogre
  9883 | D:8      | XOM: scenery: 1 doors open, 1 doors close
  9890 | D:8      | XOM: cleaving
  9894 | D:8      | XOM: enchant monster (good)
  9932 | D:7      | HP: 22/91 [two-headed ogre/giant club (17)]
  9937 | D:7      | XOM: cast spell 'Statue Form'
  9938 | D:7      | Killed a two-headed ogre
  9979 | D:7      | XOM: god gift: wand of scattershot (?/9) {god gift}
 10034 | D:8      | XOM: god gift: 3 poisoned tomahawks
 10043 | D:8      | HP: 18/91 [troll (11)]
 10044 | D:8      | XOM: summons friendly quasit
 10065 | D:8      | XOM: 4-stop teleportation journey
 10146 | D:8      | XOM: scenery: create altars
 10441 | D:8      | XOM: 1-stop teleportation journey
 10459 | D:8      | Noticed a two-headed ogre
 10470 | D:8      | HP: 19/91 [meliai/war axe (4)]
 10472 | D:8      | Noticed a two-headed ogre
 10479 | D:8      | XOM: summons friendly quasit
 10527 | D:8      | XOM: divination: detect creatures
 10533 | D:8      | XOM: potion effect (agility)
 10539 | D:7      | XOM: potion effect (berserk rage)
 10663 | D:7      | XOM: mild Necr miscast
 10781 | D:8      | XOM: mild Tmut miscast
 10803 | D:8      | XOM: scenery: create altars
 10810 | D:8      | XOM: fog
 10819 | D:8      | Reached skill level 6 in Evocations
 10889 | D:8      | XOM: cast spell 'Summon Small Mammal'
 10907 | D:8      | Killed a two-headed ogre
 10907 | D:8      | Reached skill level 12 in Polearms
 11022 | D:8      | Reached skill level 10 in Fighting
 11023 | D:8      | Killed a cyclops
 11050 | D:8      | Noticed a tengu warrior
 11058 | D:8      | XOM: scenery: 1 doors close
 11482 | D:8      | Reached XP level 11. HP: 101/101 MP: 15/15
 11504 | D:8      | XOM: cast spell 'Shadow Creatures'
 11548 | D:8      | Noticed an orb spider
 11549 | D:8      | Killed an orb spider
 11549 | D:8      | Reached skill level 11 in Fighting
 11552 | D:8      | HP: 25/102 [orc/tomahawk (2)]
 11558 | D:8      | HP: 22/102 [something (4)]
 11616 | D:8      | XOM: summons 11 friendly demons
 11617 | D:8      | HP: 22/102 [troll (18)]
 11759 | D:8      | XOM: cloud trail
 11937 | D:8      | XOM: destruction
 11963 | D:8      | XOM: enchant monster (good)
 11965 | D:8      | a two-headed ogre changed into a torpor snail
 11965 | D:8      | XOM: polymorph two-headed ogre -> torpor snail
 11970 | D:8      | XOM: cast spell 'Summon Mana Viper'
 11971 | D:9      | Found a staircase to the Orcish Mines.
 11985 | D:9      | XOM: summons 1 hostile demon
 11991 | D:9      | XOM: enchant monster (bad)
 12004 | D:9      | XOM: cast spell 'Ring of Flames'
 12083 | D:9      | Found Aget's Antique Weapon Shop.
 12690 | D:9      | Noticed a white ugly thing
 12691 | D:9      | XOM: enchant monster (good)
 12710 | D:9      | Banished a white ugly thing
 13255 | D:10     | XOM: stealth player
 13255 | D:10     | Entered Level 10 of the Dungeon
 13267 | D:10     | Reached skill level 1 in Shields
 13309 | D:10     | XOM: cast spell 'Dispersal'
 13337 | D:10     | Reached skill level 12 in Fighting
 13339 | D:10     | XOM: 1-stop teleportation journey
 13609 | D:10     | XOM: summons 2 hostile shadow creatures
 13612 | D:10     | XOM: summons 3 hostile demons
 13645 | D:10     | XOM: stat loss: -1 Int (15/16)
 13660 | D:10     | Reached skill level 2 in Shields
 13675 | D:10     | XOM: harmless Fire miscast
 13678 | D:10     | XOM: medium Erth miscast
 13785 | D:10     | XOM: 10-stop teleportation journey
 13957 | D:10     | XOM: polymorph worker ant -> bullfrog
 14158 | D:10     | Killed an unseen horror
 14158 | D:10     | Reached skill level 3 in Shields
 14360 | D:10     | XOM: scenery: 2 doors open, 2 doors close
 14861 | D:10     | Reached skill level 4 in Shields
 15029 | D:11     | Found a stormy altar of Qazlal.
 15257 | D:11     | Noticed a brown ugly thing
 15276 | D:11     | Noticed EvilAshe's ghost (journeyman OgBe)
 15282 | D:11     | XOM: polymorph troll -> wind drake
 15308 | D:10     | Killed a brown ugly thing
 15324 | D:10     | XOM: summons 5 hostile demons
 15843 | D:11     | Noticed a fire dragon
 15848 | D:11     | Killed a fire dragon
 15848 | D:11     | Reached skill level 5 in Shields
 15876 | D:11     | XOM: chaos cloud
 15877 | D:11     | XOM: enchant monster (bad)
 15882 | D:11     | Reached skill level 13 in Fighting
 16056 | D:11     | Noticed a two-headed ogre
 16067 | D:11     | XOM: mild Conj miscast
 16082 | D:11     | XOM: divination: detect items
 16113 | D:11     | XOM: divination: detect creatures
 16144 | D:11     | Killed a two-headed ogre
 16231 | D:11     | XOM: cloud trail
 16379 | D:11     | XOM: polymorph komodo dragon -> yak
 16703 | D:11     | Reached XP level 12. HP: 101/115 MP: 16/16
 16729 | D:11     | Reached skill level 6 in Shields
 16762 | D:11     | XOM: noise
 16821 | D:11     | Found a staircase to the Lair.
 17174 | D:11     | XOM: medium Tmut miscast
 17273 | Lair:1   | Entered Level 1 of the Lair of Beasts
 17303 | Lair:1   | Reached skill level 6 in Dodging
 17311 | Lair:1   | Noticed Fannar
 17342 | Lair:1   | XOM: enchant monster (bad)
 17348 | D:11     | XOM: mild Erth miscast
 17577 | Lair:1   | XOM: polymorph komodo dragon -> polar bear
 17869 | Lair:1   | Reached skill level 7 in Shields
 17943 | Lair:1   | XOM: confuse monster(s)
 17950 | Lair:1   | XOM: summons 2 friendly demons
 17993 | Lair:1   | Killed Fannar
 18072 | Lair:1   | XOM: harmless Conj miscast
 18079 | Lair:1   | Identified the cursed +0 quarterstaff of Cheese {crush, *Slow rN++ MR+ MP+9} (You found it on level 1 of the Lair of Beasts)
 18201 | Lair:1   | XOM: give mutations
 18201 | Lair:1   | Gained mutation: You are very agile. (Dex +4) [Xom's grace]
 18201 | Lair:1   | Gained mutation: Your mind is acute. (Int +2) [Xom's grace]
 18201 | Lair:1   | Gained mutation: You are somewhat resistant to further mutation. [Xom's grace]
 18201 | Lair:1   | Gained mutation: You can translocate small distances at will. [Xom's grace]
 18274 | Lair:1   | XOM: give mutations
 18274 | Lair:1   | Lost mutation: Your mind is acute. (Int +2) [Xom's mischief]
 18335 | Lair:1   | Reached skill level 7 in Dodging
 18545 | Lair:1   | Noticed a six-headed hydra
 18552 | Lair:1   | Killed a six-headed hydra
 18609 | Lair:1   | XOM: divination: detect creatures
 18872 | Lair:2   | Reached skill level 8 in Shields
 18994 | Lair:2   | Noticed an eight-headed hydra
 19006 | Lair:2   | Killed an eight-headed hydra
 19008 | Lair:2   | XOM is BORED!
 19008 | Lair:2   | XOM: give mutations
 19008 | Lair:2   | Lost mutation: Your flesh is very heat resistant. (rF++) [Xom's mischief]
 19008 | Lair:2   | Lost mutation: You are resistant to hostile enchantments. (MR+) [Xom's mischief]
 19044 | Lair:2   | XOM: smoke on damage
 19078 | Lair:2   | Reached skill level 8 in Dodging
 19285 | Lair:2   | XOM: noise
 19293 | Lair:2   | XOM: smoke on damage
 19522 | Lair:2   | XOM: harmless Ice miscast
 19699 | Lair:2   | Reached skill level 9 in Shields
 19821 | Lair:2   | XOM: repel stairs
 19826 | Lair:2   | XOM: enchant monster (bad)
 20213 | Lair:3   | XOM: blink monster(s)
 20225 | Lair:3   | XOM: polymorph elephant -> shock serpent
 20230 | Lair:3   | XOM: swap monsters
 20528 | Lair:3   | Noticed Sonja
 20577 | Lair:3   | XOM: confusion (+ monsters)
 20699 | Lair:3   | XOM: polymorph rime drake -> harpy
 20748 | Lair:3   | HP: 28/115 [poisoned by a spiny frog]
 20753 | Lair:3   | HP: 24/115 [poisoned by a spiny frog]
 20759 | Lair:3   | HP: 21/115 [poisoned by a spiny frog]
 20764 | Lair:3   | HP: 19/115 [poisoned by a spiny frog]
 20769 | Lair:3   | HP: 18/115 [poisoned by a spiny frog]
 20776 | Lair:3   | HP: 18/115 [poisoned by a spiny frog]
 20784 | Lair:3   | HP: 19/115 [poisoned by a spiny frog]
 21105 | Lair:3   | XOM: noise
 21116 | Lair:3   | XOM: blink monster(s)
 21139 | Lair:2   | XOM: mild Air miscast
 21204 | Lair:2   | XOM: summons friendly ufetubus
 21242 | Lair:3   | XOM: noise
 21244 | Lair:2   | XOM: scenery: create altars
 21305 | Lair:3   | XOM: enchant monster (good)
 21333 | Lair:2   | Reached skill level 9 in Dodging
 21363 | Lair:2   | Reached XP level 13. HP: 118/122 MP: 17/17
 21526 | Lair:3   | Found a staircase to the Swamp.
 21574 | Lair:3   | Killed Sonja
 21574 | Lair:3   | XOM: confusion (+ monsters)
 21597 | Lair:3   | XOM: divination: detect items
 21621 | Lair:3   | XOM: harmless Necr miscast
 21634 | Lair:3   | Found a hole to the Spider Nest.
 21637 | Lair:3   | XOM: divination: detect items
 21644 | Lair:3   | XOM: summons friendly ufetubus
 22269 | Lair:4   | XOM: enchant monster (good)
 22344 | Lair:4   | Reached skill level 10 in Shields
 22349 | Lair:4   | Found a dark tunnel.
 22368 | Volcano  | Entered a volcano
 22379 | Volcano  | XOM: noise
 22382 | Volcano  | XOM: 1-stop teleportation journey
 22412 | Volcano  | XOM: cleaving
 22420 | Volcano  | XOM: repel stairs
 22426 | Volcano  | HP: 27/122 [fire bat (4)]
 22444 | Volcano  | XOM: confuse monster(s)
 22468 | Volcano  | XOM: cloud trail
 22632 | Lair:4   | XOM: cloud trail
 22892 | Lair:4   | XOM: divination: detect items
 23125 | Lair:5   | XOM: cast spell 'Monstrous Menagerie'
 23134 | Lair:5   | XOM: silly message
 23184 | Lair:5   | XOM: mild Summ miscast
 23227 | Lair:5   | Found a staircase to the Slime Pits.
 23455 | Lair:5   | XOM: summons 4 hostile shadow creatures
 23678 | Lair:5   | XOM: harmless Fire miscast
 23840 | Lair:5   | XOM: harmless Tloc miscast
 23936 | Lair:5   | XOM: harmless Erth miscast
 23946 | Lair:5   | Noticed Rupert
 23947 | Lair:5   | XOM: divination: magic mapping
 23985 | Lair:5   | XOM: 3-stop teleportation journey
 24054 | Lair:5   | XOM: summons friendly shadow imp
 24061 | Lair:5   | XOM: cleaving
 24069 | Lair:5   | XOM: scenery: create altars
 24389 | Lair:6   | Entered Level 6 of the Lair of Beasts
 24423 | Lair:6   | XOM: scenery: create altars
 24445 | Lair:6   | XOM: give mutations
 24445 | Lair:6   | Gained mutation: You are dopey. (Int -2) [Xom's mischief]
 24602 | Lair:6   | XOM: enchant monster (bad)
 24690 | Lair:6   | XOM: cast spell 'Summon Horrible Things'
 24691 | Lair:6   | Reached skill level 10 in Dodging
 24721 | Lair:6   | XOM: summons friendly crimson imp
 24724 | Lair:6   | XOM: silly message
 24736 | Lair:6   | XOM: 1-stop teleportation journey
 24742 | Lair:6   | HP: 21/122 [black mamba (11)]
 24814 | Lair:5   | XOM: cloud trail
 25040 | Lair:5   | XOM: mild Fire miscast
 25054 | Lair:6   | XOM is BORED!
 25054 | Lair:6   | XOM: polymorph wyvern -> hog
 25086 | Lair:6   | Reached skill level 13 in Polearms
 25222 | Lair:5   | XOM: cloud trail
 25242 | Lair:6   | Reached skill level 11 in Shields
 25307 | Lair:6   | Noticed Snorg
 25583 | Lair:6   | XOM: enchant monster (good)
 25692 | Lair:6   | XOM: divination: detect creatures
 25977 | Lair:5   | Killed Snorg
 26304 | Lair:6   | XOM: scenery: create altars
 26447 | Lair:6   | XOM: scenery: create altars
 26503 | Lair:5   | XOM: stat loss: -1 Dex (13/14)
 26540 | Lair:5   | XOM: god gift: book of Maledictions
 26744 | Lair:6   | XOM: enchant monster (good)
 26747 | Lair:6   | Gained mutation: You have acidic saliva. [Yellow Draconian growth]
 26747 | Lair:6   | Reached XP level 14. HP: 114/129 MP: 18/18
 26942 | Lair:6   | XOM: god gift: 34 gold pieces
 27056 | Lair:6   | Reached skill level 14 in Polearms
 27056 | Lair:6   | Reached skill level 12 in Shields
 27056 | Lair:6   | Reached XP level 15. HP: 135/135 MP: 19/19
 27086 | Lair:6   | XOM: fog
 27098 | Lair:6   | XOM: 3-stop teleportation journey
 27115 | Lair:6   | XOM: potion effect (haste)
 27347 | Lair:6   | XOM: cloud trail
 27573 | Lair:5   | Paralysed by Rupert for 7 turns
 27575 | Lair:5   | XOM: cleaving
 27590 | Lair:5   | Killed Rupert
 27935 | D:12     | Noticed Erolcha
 27952 | D:12     | Killed Erolcha
 27952 | D:12     | Reached skill level 13 in Shields
 28532 | D:12     | XOM: scenery: create altars
 28562 | D:12     | XOM: summons friendly white imp
 28620 | D:12     | XOM: 1-stop teleportation journey
 28970 | D:12     | Got a jewelled quarterstaff
 28976 | D:12     | Identified the +7 quarterstaff of Insufficient Pleasure {speed, Str+5} (You found it on level 12 of the Dungeon)
 29198 | D:13     | XOM: enchant monster (bad)
 29227 | D:13     | XOM: noise
 29253 | D:13     | XOM: polymorph yaktaur -> wind drake
 29257 | D:13     | XOM: snakes to sticks
 29283 | D:13     | XOM: enchant monster (good)
 29287 | D:13     | XOM: mild Chrm miscast
 29335 | D:13     | Found a flagged portal.
 29349 | D:13     | XOM: swap monsters
 29386 | D:13     | XOM: give mutation
 29386 | D:13     | Gained mutation: Your flesh is very cold resistant. (rC++) [Xom's grace]
 29439 | Bailey   | Entered a bailey
 29715 | Bailey   | XOM: potion effect (brilliance)
 29752 | Bailey   | Reached skill level 15 in Polearms
 29936 | Bailey   | Noticed an orc warlord
 29939 | Bailey   | XOM: harmless Conj miscast
 29940 | Bailey   | XOM: blink monster(s)
 29941 | Bailey   | XOM: confuse monster(s)
 29952 | Bailey   | XOM: divination: detect creatures
 29954 | Bailey   | XOM: enchant monster (good)
 29958 | Bailey   | XOM: divination: detect items
 29964 | Bailey   | Killed an orc warlord
 30190 | D:13     | Found a runed door.
 30300 | D:13     | XOM: divination: magic mapping
 30584 | D:13     | XOM: confuse monster(s)
 30734 | Orc:1    | Entered Level 1 of the Orcish Mines
 31083 | Orc:2    | Entered Level 2 of the Orcish Mines
 31085 | Orc:2    | XOM: polymorph two-headed ogre -> torpor snail
 31118 | Orc:2    | Reached skill level 14 in Shields
 31121 | Orc:2    | XOM: potion effect (brilliance)
 31128 | Orc:2    | XOM: enchant monster (good)
 31143 | Orc:2    | HP: 27/136 [orc knight/bardiche of venom (27)]
 31211 | Orc:1    | XOM: give mutations
 31211 | Orc:1    | Gained mutation: Your spells are a little harder to cast, but a little more powerful. [Xom's grace]
 31211 | Orc:1    | Lost mutation: You are somewhat resistant to further mutation. [Xom's grace]
 31211 | Orc:1    | Gained mutation: You evolve. [Xom's grace]
 31211 | Orc:1    | Gained mutation: Your spells are harder to cast, but more powerful. [Xom's grace]
 31211 | Orc:1    | Gained mutation: You possess an exceptional clarity of mind. [Xom's grace]
 31218 | Orc:1    | RKaid: ??bardiche
 31218 | Orc:1    | beem: bardiche[1/1]: (polearms; -6 acc / 18 dam / 2.0 base delay / 0.7 min delay; two handed). A long pole with an enormous blade on one end. The largest polearm. Bardiches chop hydra heads.
 31227 | Orc:1    | HP: 34/136 [poisoned by an orc knight]
 31232 | Orc:1    | HP: 27/136 [poisoned by an orc knight]
 31237 | Orc:1    | HP: 21/136 [poisoned by an orc knight]
 31242 | Orc:1    | HP: 19/136 [poisoned by an orc knight]
 31247 | Orc:1    | HP: 16/136 [poisoned by an orc knight]
 31252 | Orc:1    | HP: 16/136 [poisoned by an orc knight]
 31257 | Orc:1    | HP: 16/136 [poisoned by an orc knight]
 31265 | Orc:1    | HP: 16/136 [poisoned by an orc knight]
 31435 | Orc:1    | XOM: mild Fire miscast
 31910 | Orc:2    | Found Avvituric's Assorted Antiques.
 31975 | Orc:2    | Found a staircase to the Elven Halls.
 31990 | Orc:2    | XOM: potion effect (experience)
 31990 | Orc:2    | Reached skill level 3 in Axes
 31990 | Orc:2    | Reached XP level 16. HP: 140/144 MP: 20/20
 31992 | Orc:2    | Reached skill level 4 in Axes
 32016 | Orc:2    | XOM: confuse monster(s)
 32025 | Orc:2    | Found Myampon's Book Boutique.
 32027 | Orc:2    | XOM: potion effect (haste)
 32038 | Orc:2    | Reached skill level 5 in Axes
 32038 | Orc:2    | XOM: cast spell 'Summon Mana Viper'
 32062 | Orc:2    | HP: 32/144 [ogre mage/bolt of lightning (25)]
 32122 | Orc:1    | XOM: cloud trail
 32287 | Orc:1    | XOM: scenery: create altars
 32400 | Orc:2    | Reached skill level 15 in Shields
 32417 | Orc:2    | Reached skill level 6 in Axes
 32427 | Orc:2    | XOM: potion effect (brilliance)
 32495 | Orc:2    | Found Ziddisso's Food Boutique.
 32500 | Orc:2    | Found Xoyrasylu's Antique Weapon Shoppe.
 32514 | Orc:2    | Found Bara Mokenu's Jewellery Shop.
 32515 | Orc:2    | XOM: 7-stop teleportation journey
 32576 | Orc:2    | XOM: give mutations
 32576 | Orc:2    | Gained mutation: You are robust. (+10% HP) [Xom's grace]
 32576 | Orc:2    | Gained mutation: Your spells are much harder to cast, but much more powerful. [Xom's grace]
 32756 | Orc:2    | XOM: harmless Necr miscast
 32897 | D:11     | XOM: god gift: potion of heal wounds
 32923 | D:11     | Killed EvilAshe's ghost
 32986 | D:14     | Reached skill level 7 in Axes
 33017 | D:14     | Found Viyx's Antique Armour Boutique.
 33080 | D:14     | Found a gate to the Vaults.
 33081 | D:14     | XOM: enchant monster (good)
 33171 | D:14     | Found Tacko's Magic Scroll Boutique.
 33202 | D:14     | Reached skill level 8 in Axes
 33203 | D:14     | Reached XP level 17. HP: 165/165 MP: 21/21
 33236 | D:14     | XOM: cloud trail
 33276 | D:14     | Found Idayghaq's Food Shop.
 33301 | D:14     | Noticed Urug
 33310 | D:14     | Killed Urug
 33411 | D:14     | Found Lyutik's Armour Boutique.
 33428 | D:14     | Reached skill level 9 in Axes
 33463 | D:14     | Found Koont's Food Emporium.
 33729 | D:14     | Found a bloodstained altar of Trog.
 33731 | D:14     | XOM: give mutation
 33731 | D:14     | Lost mutation: You can translocate small distances at will. [Xom's mischief]
 33935 | Orc:2    | Bought a book of Callings for 300 gold pieces
 33935 | Orc:2    | Bought a book of Minor Magic for 200 gold pieces
 33940 | Orc:2    | Learned a level 2 spell: Blink
 33945 | Orc:2    | Learned a level 4 spell: Summon Lightning Spire
 34266 | D:12     | Lost mutation: You evolve. [evolution]
 34280 | D:12     | XOM: give mutations
 34280 | D:12     | Lost mutation: You possess an exceptional clarity of mind. [Xom's mischief]
 34280 | D:12     | Lost mutation: You have large cloven feet. [Xom's mischief]
 34280 | D:12     | Gained mutation: Your body sometimes deteriorates upon taking damage. [Xom's mischief]
 34318 | D:15     | Entered Level 15 of the Dungeon
 34431 | D:15     | Reached skill level 1 in Summonings
 34431 | D:15     | Reached skill level 1 in Translocations
 34459 | D:15     | HP: 37/165 [deep troll (13)]
 34823 | D:15     | Got a transparent granite ring
 34875 | D:15     | Found a staircase to the Depths.
 34926 | D:15     | Reached skill level 2 in Summonings
 34926 | D:15     | Reached skill level 2 in Translocations
 34951 | D:15     | Noticed Roxanne
 35072 | D:15     | Noticed Nessos
 35078 | D:15     | Killed Nessos
 35122 | D:15     | XOM: enchant monster (bad)
 35140 | D:15     | Reached skill level 10 in Axes
 35431 | D:15     | Reached skill level 3 in Summonings
 35431 | D:15     | Reached skill level 3 in Translocations
 35724 | D:12     | XOM: give mutations
 35724 | D:12     | Lost mutation: You are very agile. (Dex +4) [Xom's mischief]
 35724 | D:12     | Lost mutation: You are robust. (+10% HP) [Xom's mischief]
 35724 | D:12     | Lost mutation: You are agile. (Dex +2) [Xom's mischief]
 35899 | Swamp:1  | Entered Level 1 of the Swamp
 35926 | Swamp:1  | XOM: enchant monster (bad)
 35928 | Swamp:1  | XOM: confuse monster(s)
 35929 | Swamp:1  | XOM: enchant monster (good)
 35938 | Swamp:1  | XOM: harmless Summ miscast
 35969 | Swamp:1  | XOM: confuse monster(s)
 36129 | Swamp:1  | XOM: swap monsters
 36171 | Swamp:1  | Found an ornate altar of the Wu Jian Council.
 36313 | Swamp:1  | Identified the ring of Filixar {Dex+3 SInv Stlth+} (You found it on level 15 of the Dungeon)
 36381 | Swamp:1  | XOM: confuse monster(s)
 36388 | Swamp:1  | XOM: noise
 36423 | Swamp:1  | XOM: cloud trail
 36541 | Swamp:1  | XOM: divination: detect creatures
 36549 | Swamp:1  | XOM: enchant monster (good)
 36555 | Swamp:1  | XOM: enchant monster (good)
 36557 | Swamp:1  | XOM: polymorph brown ugly thing -> spark wasp
 36558 | Swamp:1  | XOM: smoke on damage
 36608 | Swamp:1  | XOM: god gift: 870 gold pieces
 36883 | Swamp:2  | XOM: noise
 36898 | Swamp:2  | Reached skill level 4 in Translocations
 36913 | Swamp:2  | Reached skill level 4 in Summonings
 37097 | Swamp:2  | XOM: noise
 37128 | Swamp:2  | XOM: draining
 37152 | Swamp:2  | XOM: swap monsters
 37153 | Swamp:2  | XOM: confusion (+ monsters)
 37157 | Swamp:2  | XOM: confusion
 37166 | Swamp:2  | XOM: summons friendly crimson imp
 37170 | Swamp:2  | Reached skill level 11 in Axes
 37232 | Swamp:2  | XOM: 6-stop teleportation journey
 37241 | Swamp:2  | Got a bloodstained arbalest
 37263 | Swamp:2  | XOM: enchant monster (good)
 37266 | Swamp:2  | XOM: mild Fire miscast
 37532 | Swamp:2  | XOM: give mutation
 37532 | Swamp:2  | Lost mutation: Your flesh is heat resistant. (rF+) [Xom's mischief]
 37587 | Swamp:2  | XOM: cloud trail
 37743 | Swamp:2  | XOM: medium Fire miscast
 37770 | Swamp:2  | You fall through a shaft!
 37775 | Swamp:3  | XOM: harmless Hex miscast
 37776 | Swamp:3  | XOM: harmless Air miscast
 37780 | Swamp:3  | XOM: potion effect (might)
 37831 | Swamp:3  | XOM: harmless Tloc miscast
 38030 | Swamp:3  | XOM: harmless Hex miscast
 38042 | Swamp:3  | XOM: cast spell 'Summon Ice Beast'
 38048 | Swamp:3  | Reached skill level 5 in Summonings
 38327 | Swamp:3  | XOM: smoke on damage
 38338 | Swamp:3  | HP: 12/150 [shambling mangrove (33)]
 38350 | Swamp:3  | XOM: summons friendly white imp
 38351 | Swamp:3  | XOM: confuse monster(s)
 38397 | Swamp:2  | XOM: noise
 38691 | Swamp:1  | XOM: blink monster(s)
 38698 | Swamp:1  | XOM: cloud trail
 38728 | Spider:1 | Entered Level 1 of the Spider Nest
 38740 | Spider:1 | XOM: potion effect (agility)
 38743 | Lair:3   | Reached skill level 1 in Air Magic
 38744 | Lair:3   | XOM: blink monster(s)
 38835 | Lair:3   | XOM: cloud trail
 39091 | Spider:1 | XOM: divination: magic mapping
 39103 | Spider:1 | XOM: harmless Erth miscast
 39236 | Spider:1 | XOM: harmless Pois miscast
 39275 | Spider:1 | Reached skill level 2 in Air Magic
 39390 | Spider:1 | Noticed Aizul
 39394 | Spider:1 | HP: 12/150 [jumping spider (30)]
 39537 | Spider:1 | XOM: 3-stop teleportation journey
 39538 | Spider:1 | XOM: divination: detect items
 39559 | Lair:3   | Upgraded the game from 0.21-a0-331-gfb491b4 to 0.21-a0-338-g36cf2fc
 39722 | Lair:3   | Upgraded the game from 0.21-a0-338-g36cf2fc to 0.21-a0-346-g330ab2c
 39756 | Spider:1 | XOM: cast spell 'Statue Form'
 39793 | Spider:1 | XOM: potion effect (brilliance)
 39960 | Spider:1 | Reached skill level 12 in Axes
 40110 | Spider:1 | XOM: potion effect (agility)
 40122 | Spider:1 | XOM: noise
 40127 | Spider:1 | HP: 37/151 [Aizul/bolt of poison (4)]
 40133 | Spider:1 | HP: 21/151 [Aizul (25)]
 40133 | Spider:1 | XOM: smoke on damage
 40134 | Spider:1 | Killed Aizul
 40464 | Spider:1 | XOM: medium Air miscast
 40533 | Spider:1 | XOM: cast spell 'Cause Fear'
 41068 | Spider:2 | XOM: cast spell 'Ring of Flames'
 41291 | Spider:2 | XOM: cast spell 'Leda's Liquefaction'
 41293 | Spider:2 | XOM: potion effect (invisibility)
 41293 | Spider:2 | Reached skill level 3 in Air Magic
 41415 | Spider:2 | XOM: mild Ice miscast
 41536 | Spider:2 | XOM: harmless Necr miscast
 41792 | Spider:2 | Reached XP level 18. HP: 159/159 MP: 22/22
 41881 | Spider:2 | XOM: mild Necr miscast
 42035 | Spider:2 | XOM: confusion
 42171 | Spider:2 | XOM: medium Tmut miscast
 42819 | Spider:3 | XOM: divination: detect items
 42832 | Spider:3 | XOM: 7-stop teleportation journey
 42849 | Spider:3 | Paralysed by a hornet for 1 turns
 42852 | Spider:3 | XOM: summons 8 friendly demons
 42915 | Spider:3 | XOM: summons 16 friendly demons
 42926 | Spider:3 | Reached skill level 14 in Fighting
 42951 | Spider:3 | Paralysed by a hornet for 3 turns
 42963 | Spider:3 | HP: 36/160 [spark wasp (19)]
 42968 | Spider:2 | HP: 21/160 [poisoned by a redback]
 42970 | Spider:2 | XOM: give mutations
 42970 | Spider:2 | Gained mutation: You have a pair of antennae on your head. [Xom's grace]
 42970 | Spider:2 | Lost mutation: You are dopey. (Int -2) [Xom's grace]
 42970 | Spider:2 | Gained mutation: Your large and strong wings let you fly indefinitely. [Xom's grace]
 42976 | Spider:2 | HP: 22/160 [poisoned by a redback]
 43254 | Spider:2 | XOM: give mutation
 43254 | Spider:2 | Gained mutation: You have an increased reservoir of magic. (+10% MP) [Xom's grace]
 43313 | Spider:2 | XOM: divination: detect creatures
 43373 | Spider:3 | XOM: fog
 43435 | Spider:3 | Reached skill level 4 in Air Magic
 43476 | Spider:3 | XOM: enchant monster (good)
 43513 | Spider:3 | HP: 38/160 [disintegration (36)]
 43518 | Spider:3 | HP: 39/160 [jumping spider (1)]
 43520 | Spider:3 | XOM: potion effect (magic)
 43534 | Spider:3 | XOM: divination: detect creatures
 43551 | Spider:3 | XOM: harmless Conj miscast
 43793 | Spider:3 | XOM: give mutations
 43793 | Spider:3 | Lost mutation: Your body sometimes deteriorates upon taking damage. [Xom's mischief]
 43793 | Spider:3 | Lost mutation: Your flesh is very cold resistant. (rC++) [Xom's mischief]
 43793 | Spider:3 | Lost mutation: Your spells are much harder to cast, but much more powerful. [Xom's mischief]
 43986 | Spider:4 | Entered Level 4 of the Spider Nest
 44008 | Spider:4 | XOM: torment (77/160 hp)
 44097 | Spider:3 | XOM: severe Summ miscast
 44485 | Spider:4 | Reached skill level 13 in Axes
 44645 | Spider:4 | XOM: mild Pois miscast
 44677 | Spider:4 | XOM: give mutations
 44677 | Spider:4 | Lost mutation: Your muscles are strong. (Str +2) [Xom's mischief]
 44677 | Spider:4 | Lost mutation: Your flesh is cold resistant. (rC+) [Xom's mischief]
 44677 | Spider:4 | Gained mutation: You are frail. (-10% HP) [Xom's mischief]
 44677 | Spider:4 | Lost mutation: You are frail. (-10% HP) [Xom's mischief]
 44971 | Spider:4 | Noticed Agnes
 44975 | Spider:4 | Noticed Agnes
 44975 | Spider:4 | Agnes changed into Agnes the ice dragon
 44975 | Spider:4 | XOM: polymorph Agnes -> Agnes the ice dragon
 44987 | Spider:4 | Killed Agnes the ice dragon
 44988 | Spider:4 | Noticed Arachne
 45006 | Spider:4 | XOM: noise
 45031 | Spider:4 | Killed Arachne
 45054 | Spider:4 | HP: 40/160 [poisoned by Arachne (bolt of poison)]
 45060 | Spider:4 | HP: 40/160 [poisoned by Arachne (bolt of poison)]
 45066 | Spider:4 | HP: 40/160 [poisoned by Arachne (bolt of poison)]
 45418 | Spider:4 | Reached skill level 5 in Air Magic
 45678 | Spider:4 | XOM: stat loss: -1 Int (17/18)
 45712 | Spider:4 | Reached skill level 11 in Dodging
 45740 | Spider:4 | XOM: enchant monster (good)
 45838 | Spider:4 | XOM: harmless Erth miscast
 45891 | Spider:4 | XOM: noise
 45976 | Spider:4 | XOM: enchant monster (bad)
 45986 | Spider:4 | XOM: medium Conj miscast
 46199 | Spider:4 | Noticed ohados's ghost (adept DsBe)
 46208 | Spider:4 | XOM: enchant monster (good)
 46222 | Spider:4 | XOM: give mutations
 46222 | Spider:4 | Gained mutation: You are clumsy. (Dex -2) [Xom's mischief]
 46222 | Spider:4 | Lost mutation: Your spells are harder to cast, but more powerful. [Xom's mischief]
 46222 | Spider:4 | Lost mutation: Your large and strong wings let you fly indefinitely. [Xom's mischief]
 46225 | Spider:4 | XOM: summons friendly white imp
 46254 | Spider:4 | XOM: potion effect (haste)
 46289 | Spider:4 | XOM: god gift: 12 sling bullets
 46455 | Spider:4 | XOM: scenery: create altars
 46550 | Spider:4 | Learned a level 4 spell: Passage of Golubria
 46575 | Spider:4 | XOM: summons 14 friendly demons
 46579 | Spider:4 | Reached skill level 6 in Summonings
 46602 | Spider:4 | HP: 39/161 [ghost moth (16)]
 46609 | Spider:4 | HP: 30/161 [death scarab (11)]
 46855 | Spider:3 | XOM: noise
 47129 | Swamp:3  | XOM: harmless Erth miscast
 47736 | Swamp:3  | XOM: divination: detect creatures
 47782 | Swamp:3  | XOM: potion effect (heal wounds)
 47799 | Swamp:3  | XOM: divination: magic mapping
 47818 | Swamp:3  | XOM: silly message
 47876 | Swamp:3  | XOM is BORED!
 47876 | Swamp:3  | XOM: harmless Chrm miscast
 47883 | Swamp:4  | Entered Level 4 of the Swamp
 47922 | Swamp:4  | XOM: potion effect (haste)
 47993 | Swamp:4  | XOM: potion effect (agility)
 48024 | Swamp:4  | XOM: scenery: create altars
 48030 | Swamp:4  | XOM: polymorph 14-headed hydra -> catoblepas
 48031 | Swamp:4  | XOM: polymorph catoblepas -> storm dragon
 48033 | Swamp:4  | XOM: summons 1 hostile demon
 48038 | Swamp:4  | XOM: divination: detect items
 48050 | Swamp:4  | XOM: 1-stop teleportation journey
 48068 | Swamp:4  | Reached skill level 5 in Translocations
 48107 | Swamp:4  | XOM: noise
 48113 | Swamp:4  | XOM: cast spell 'Summon Dragon'
 49273 | Spider:4 | XOM: swap monsters
 49274 | Spider:4 | XOM: mild Pois miscast
 49275 | Spider:4 | XOM: summons 1 hostile demon
 49278 | Spider:4 | XOM: summons friendly white imp
 49310 | Spider:4 | XOM: divination: magic mapping
 49330 | Spider:4 | XOM: blink monster(s)
 49604 | Spider:4 | XOM: mild Summ miscast
 49700 | Spider:4 | XOM: divination: detect creatures
 49715 | Spider:4 | Paralysed by a hornet for 2 turns
 49717 | Spider:4 | HP: 34/162 [ghost moth (10)]
 49722 | Spider:4 | XOM: summons 3 hostile shadow creatures
 49990 | Spider:4 | XOM: give mutation
 49990 | Spider:4 | Gained mutation: You are robust. (+10% HP) [Xom's mischief]
 50221 | Elf:1    | Entered Level 1 of the Elven Halls
 50277 | D:9      | XOM: cloud trail
 50550 | Lair:2   | XOM: cloud trail
 50676 | Swamp:4  | XOM: fog
 50802 | Swamp:3  | XOM: god gift: wand of acid (?/15) {god gift}
 50853 | Swamp:4  | XOM: smoke on damage
 50892 | Swamp:3  | XOM: scenery: create altars
 51169 | Swamp:4  | XOM: 4-stop teleportation journey
 51178 | Swamp:4  | Reached skill level 15 in Fighting
 51182 | Swamp:4  | Reached skill level 7 in Summonings
 51255 | Swamp:4  | XOM: cloud trail
 51290 | Swamp:4  | XOM: summons 10 friendly demons
 51315 | Swamp:4  | Noticed Kirke
 51317 | Swamp:4  | XOM: cast spell 'Dispersal'
 51330 | Swamp:4  | XOM: confusion
 51355 | Swamp:4  | XOM: summons friendly crimson imp
 51372 | Swamp:3  | HP: 43/179 [four-headed hydra (3)]
 51379 | Swamp:3  | Reached skill level 1 in Staves
 51650 | Swamp:3  | XOM: scenery: create altars
 51816 | Swamp:4  | XOM: summons 2 friendly demons
 52054 | Swamp:4  | XOM: enchant monster (good)
 52059 | Swamp:4  | XOM: summons 9 friendly demons
 52207 | Swamp:4  | XOM: polymorph swamp dragon -> wind drake
 52223 | Swamp:4  | XOM: potion effect (agility)
 52233 | Swamp:4  | HP: 28/179 [storm dragon/bolt of lightning (28)]
 52234 | Swamp:4  | XOM: summons friendly quasit
 52239 | Swamp:4  | HP: 30/179 [ghost crab (8)]
 52241 | Swamp:4  | XOM: cleaving
 52244 | Swamp:3  | XOM: polymorph five-headed hydra -> fire dragon
 52245 | Swamp:3  | HP: 4/179 [ghost crab] (14)]
 52808 | Swamp:4  | Reached skill level 2 in Staves
 52813 | Swamp:4  | XOM: butterfly on damage
 52817 | Swamp:4  | HP: 61/268 [swamp dragon (7)]
 52822 | Swamp:4  | HP: 30/268 [storm dragon] (5)]
 52823 | Swamp:4  | XOM: destruction
 52827 | Swamp:4  | Killed from afar by a storm dragon

Vault maps used:
D:1:      dpeg_arrival_arbitrary_b, hangedman_decor_lopped, glass_columns_a
D:2:      chequers_temple_overflow_statue_of_worship,
          chequers_ecumenical_altar_simple, first_bread
D:3:      marbit_many_paths, grunt_dithmenos_smoke_and_mirrors, uniq_sigmund
D:4:      serial_shops, shop, chequers_big_river, nemelex_spade_bored_becter,
          uniq_duvessa
D:5:      serial_aquarium, aquarium_bridge_square, aquarium_window_fake,
          aquarium_window_corridor_3, aquarium_view_2b,
          hangedman_minor_gate_pass
D:6:      minmay_temple_entry_statues, serial_shops, shop, portal_sewer_entry_d,
          serial_bayou, serial_bayou_shore_b, serial_bayou_crossing,
          serial_bayou_pond_d, serial_bayou_pond_d
D:7:      enter_ossuary_3, uniq_joseph
D:8:      minmay_the_grid_octo_tiled_octocenter, eat_drink_and_be_merry_uskayaw,
          the_bakery
D:9:      minmay_orc_entry_guard_dogs, serial_aquarium,
          aquarium_bridge_long_separate, aquarium_window_fake,
          aquarium_window_2, aquarium_window_2, aquarium_window_fake,
          aquarium_view_2e, aquarium_view_2e, aquarium_pool_1, serial_shops,
          shop_coins
D:11:     erik_lair_dragon, nicolae_qazlal_style_of_elements
D:12:     kennysheep_demon_hangout, hex_large, serial_park_tiny_2, uniq_erolcha
D:13:     enter_bailey_2, kennysheep_treasure_room
D:14:     david_vaults_5, serial_glass, glass_columns_a, glass_columns_a,
          glass_columns_b, glass_columns_b, serial_shops,
          nicolae_shop_waterfront, kennysheep_little_box,
          nicolae_shop_overgrown_old_shop, shop_scrolls, shop, trog_wizard,
          uniq_urug
D:15:     hangedman_depths_entry_civil_slaughter, serial_bayou_pond_c,
          uniq_nessos, uniq_roxanne
Lair:1:   grunt_megastairs_5, infiniplex_staircase_pool, serial_bayou_shore_b,
          lemuel_fruit_fields, uniq_fannar
Lair:2:   beast_lair_carwin_large_4
Lair:3:   minmay_swamp_entry_reptiles, nicolae_spider_entry_orb_guardian,
          minmay_hedge_maze, uniq_sonja
Lair:4:   nicolae_volcano_entry_batcave, nicolae_quartered_pool_medium
Lair:5:   nicolae_slime_entry_slimehenge, beast_lair_carwin_9,
          grunt_megastairs_2, uniq_rupert
Lair:6:   hangedman_lair_tendril_chambers, uniq_snorg
Swamp:1:  nicolae_swamp_godswood
Swamp:2:  hangedman_swamp_lotus, swamp_pool5
Swamp:3:  evilmike_swamp_ruin_house_2, infiniplex_staircase_pool_2
Swamp:4:  swamp_alternative, swamp_pool5, uniq_kirke
Spider:1: uniq_aizul
Spider:3: portal_ice_cave_entry_ice_statue_one
Spider:4: floodkiller_spider_rune_tomb, uniq_arachne, uniq_agnes
Orc:2:    st_orc_open, serial_shops, shop
Elf:1:    serial_shops, shop_statue, hangedman_elf_represent
Sewer:    sewer_the_crocodile
Ossuary:  ossuary_boxes_badplayer
Bailey:   bailey_axe_minmay_hex_keep, bailey
Volcano:  volcano_caves

Skill      XL: |  1  2  3  4  5  6  7  8  9 10 11 12 13 14 15 16 17 18 |
---------------+-------------------------------------------------------+-----
Polearms       | 4 5 6 7 8 10 12 13 14 15 | 15.0
Fighting       | 4 5 6 7 8 10 13 15 | 15.0
Dodging        | 3 4 5 9 10 11 | 11.1
Evocations     | 2 4 6 |  6.0
Shields        | 5 9 11 12 14 15 | 15.0
Axes           | 3 8 12 13 | 13.3
Summonings     | 5 7 |  7.4
Translocations | 4 5 |  5.9
Air Magic      | 3 5 |  5.0
Staves         | 2 |  2.0

Action                   |  1- 3 |  4- 6 |  7- 9 | 10-12 | 13-15 | 16-18 || total
-------------------------+-------+-------+-------+-------+-------+-------++-------
Melee: Spear             |   125 |   164 |   683 |   849 |       |       ||  1821
       Tailslap          |    11 |    17 |   113 |   213 |   296 |   424 ||  1074
       Bite              |       |     3 |    69 |   185 |   249 |   345 ||   851
       Halberd           |       |       |    24 |       |       |       ||    24
       Glaive            |       |       |       |    17 |       |       ||    17
       Unarmed           |       |       |       |     9 |       |       ||     9
       Kick              |       |       |       |     2 |       |       ||     2
       Trident           |       |       |       |   408 |  1375 |       ||  1783
       War axe           |       |       |       |       |   186 |  2191 ||  2377
       Quarterstaff      |       |       |       |       |       |   198 ||   198
       Broad axe         |       |       |       |       |       |    35 ||    35
 Fire: Hunting sling     |       |       |       |   203 |   100 |    11 ||   314
 Cast: Blink             |       |       |       |       |       |    21 ||    21
       Summon Lightning  |       |       |       |       |       |     2 ||     2
 Abil: Breathe Acid      |       |       |       |    12 |     8 |    12 ||    32
       Evoke Invisibilit |       |       |       |     3 |       |     4 ||     7
       Blink             |       |       |       |       |    13 |       ||    13
       Fly               |       |       |       |       |       |     1 ||     1
Evoke: Wand              |       |       |     3 |    11 |    14 |    36 ||    64
       Sack of spiders   |       |       |       |       |     2 |     1 ||     3
       Lamp of fire      |       |       |       |       |       |     1 ||     1
  Use: Scroll            |     3 |     3 |     7 |    31 |     9 |    30 ||    83
       Potion            |       |       |     1 |     4 |     8 |    18 ||    31
 Stab: Confused          |     1 |       |     9 |     2 |     3 |     7 ||    22
       Sleeping          |       |     1 |     1 |     6 |       |     5 ||    13
       Paralysed         |       |       |    17 |    10 |     1 |    13 ||    41
       Distracted        |       |       |     4 |       |       |     5 ||     9
       Petrifying        |       |       |     3 |     3 |       |     1 ||     7
       Petrified         |       |       |     2 |    20 |       |     7 ||    29
       Invisible         |       |       |       |     3 |       |    16 ||    19
  Eat: Chunk             |     1 |     5 |     9 |    28 |    24 |    17 ||    84
       Fruit             |       |       |    13 |    10 |    18 |    13 ||    54
       Royal jelly       |       |       |     2 |     2 |     2 |     6 ||    12
       Bread ration      |       |       |       |       |       |     9 ||     9
Armor: Skin              |    32 |    60 |   208 |   277 |   223 |   863 ||  1663
Dodge: Dodged            |    50 |    83 |   309 |   551 |   620 |  1709 ||  3322
Block: Shield            |       |       |       |   359 |  1141 |  2224 ||  3724
       Reflection        |       |       |       |     5 |    25 |    41 ||    71
       Other             |       |       |       |       |       |    36 ||    36

Table legend:
 A = Spawn XP
 B = Non-spawn XP
 C = Spawn XP percentage of total XP
 D = Spawn monster count
 E = Non-spawn monster count
 F = Spawn count percentage of total count
 G = Total turns spent on level
                    A         B        C        D         E        F      G
               +---------+---------+-------+---------+---------+-------+---------
         Total |       0 |  268563 |   0.0 |       0 |    1170 |   0.0 | 52827
               +---------+---------+-------+---------+---------+-------+---------
           D:1 |       0 |      23 |   0.0 |       0 |      11 |   0.0 |   505
           D:2 |       0 |      71 |   0.0 |       0 |      22 |   0.0 |   825
           D:3 |       0 |     283 |   0.0 |       0 |      31 |   0.0 |  1282
           D:4 |       0 |     709 |   0.0 |       0 |      32 |   0.0 |  2057
           D:5 |       0 |     966 |   0.0 |       0 |      17 |   0.0 |  1308
           D:6 |       0 |     821 |   0.0 |       0 |      14 |   0.0 |  1128
           D:7 |       0 |    3673 |   0.0 |       0 |      37 |   0.0 |  1932
           D:8 |       0 |    5037 |   0.0 |       0 |      58 |   0.0 |  1902
           D:9 |       0 |    2161 |   0.0 |       0 |      20 |   0.0 |  1686
          D:10 |       0 |    4140 |   0.0 |       0 |      27 |   0.0 |  2351
          D:11 |       0 |    6346 |   0.0 |       0 |      24 |   0.0 |  2714
          D:12 |       0 |    5000 |   0.0 |       0 |      34 |   0.0 |  1299
          D:13 |       0 |    9149 |   0.0 |       0 |      37 |   0.0 |   972
          D:14 |       0 |   12129 |   0.0 |       0 |      43 |   0.0 |   897
          D:15 |       0 |   18199 |   0.0 |       0 |      42 |   0.0 |  1476
        Lair:1 |       0 |    5317 |   0.0 |       0 |      17 |   0.0 |  1454
        Lair:2 |       0 |    6663 |   0.0 |       0 |      27 |   0.0 |  1784
        Lair:3 |       0 |    7234 |   0.0 |       0 |      21 |   0.0 |  2398
        Lair:4 |       0 |    2301 |   0.0 |       0 |      10 |   0.0 |   834
        Lair:5 |       0 |   10838 |   0.0 |       0 |      39 |   0.0 |  3026
        Lair:6 |       0 |   14901 |   0.0 |       0 |      51 |   0.0 |  1594
       Swamp:1 |       0 |    8705 |   0.0 |       0 |      21 |   0.0 |  1105
       Swamp:2 |       0 |    9128 |   0.0 |       0 |      26 |   0.0 |  2304
       Swamp:3 |       0 |   15767 |   0.0 |       0 |      39 |   0.0 |  2198
       Swamp:4 |       0 |   18001 |   0.0 |       0 |      44 |   0.0 |   843
      Spider:1 |       0 |   13846 |   0.0 |       0 |      39 |   0.0 |  1947
      Spider:2 |       0 |   12821 |   0.0 |       0 |      40 |   0.0 |  2133
      Spider:3 |       0 |   13525 |   0.0 |       0 |      36 |   0.0 |  1707
      Spider:4 |       0 |   31670 |   0.0 |       0 |      82 |   0.0 |  2939
         Orc:1 |       0 |    2260 |   0.0 |       0 |      27 |   0.0 |  1302
         Orc:2 |       0 |   19363 |   0.0 |       0 |      77 |   0.0 |   904
         Sewer |       0 |     142 |   0.0 |       0 |       6 |   0.0 |   129
       Ossuary |       0 |     408 |   0.0 |       0 |      37 |   0.0 |   903
        Bailey |       0 |    4569 |   0.0 |       0 |      68 |   0.0 |   736
       Volcano |       0 |    2397 |   0.0 |       0 |      14 |   0.0 |   251
               +---------+---------+-------+---------+---------+-------+---------

Table legend:
 A = Turns spent in this place as a percentage of turns spent in the entire game.
 B = Non-inter-level travel turns spent in this place as a percentage of non-inter-level travel turns spent in the entire game.
 C = Inter-level travel turns spent in this place as a percentage of turns spent in this place.
 D = Turns resting spent in this place as a percentage of non-inter-level travel turns spent in this place.
 E = Turns spent auto-exploring this place as a percentage of non-inter-level travel turns spent in this place.
 F = Non-inter-level travel turns spent in this place divided by the number of levels of this place that you've seen.
                   A       B       C       D       E      F
               +-------+-------+-------+-------+-------+----------------------
         Total | 100.0 | 100.0 |   8.1 |  37.6 |  30.3 | 1348.6
       Dungeon |  42.3 |  40.9 |  11.0 |  31.3 |  37.2 | 1325.1
          Lair |  21.0 |  21.2 |   7.2 |  38.4 |  31.9 | 1715.8
         Swamp |  12.2 |  12.4 |   6.3 |  47.2 |  23.2 | 1511.0
   Spider Nest |  16.5 |  17.1 |   4.8 |  46.0 |  18.5 | 2077.0
  Orcish Mines |   4.2 |   4.1 |   9.2 |  37.4 |  37.6 | 1001.5
   Elven Halls |   0.0 |   0.0 |   0.0 |   0.0 |   0.0 |   2.0
         Sewer |   0.2 |   0.3 |   0.0 |   0.0 |  58.1 | 129.0
       Ossuary |   1.7 |   1.9 |   0.0 |  36.4 |  14.1 | 903.0
        Bailey |   1.4 |   1.5 |   0.0 |  27.6 |  18.9 | 736.0
       Volcano |   0.5 |   0.5 |   0.0 |  48.6 |   0.0 | 251.0
               +-------+-------+-------+-------+-------+----------------------

Table legend:
 A = Kills in this place as a percentage of kills in entire the game.
 B = Kills by you in this place as a percentage of kills by you in the entire game.
 C = Kills by friends in this place as a percentage of kills by friends in the entire game.
 D = Other kills in this place as a percentage of other kills in the entire game.
 E = Experience gained in this place as a percentage of experience gained in the entire game.
 F = Experience gained in this place divided by the number of levels of this place that you have seen.
                   A       B       C       D       E      F
               +-------+-------+-------+-------+-------+----------------------
         Total | 100.0 | 100.0 | 100.0 | 100.0 | 100.0 | 7460.1
       Dungeon |  38.4 |  38.5 |  28.9 |  53.3 |  25.6 | 4580.5
          Lair |  14.1 |  14.1 |  18.4 |   0.0 |  17.6 | 7875.7
         Swamp |  11.1 |  11.1 |   7.9 |  20.0 |  19.2 | 12900.2
   Spider Nest |  16.8 |  16.7 |  23.7 |   6.7 |  26.8 | 17965.5
  Orcish Mines |   8.9 |   9.0 |   7.9 |   6.7 |   8.1 | 10811.5
         Sewer |   0.5 |   0.5 |   0.0 |   0.0 |   0.1 | 142.0
       Ossuary |   3.2 |   3.2 |   0.0 |   6.7 |   0.2 | 408.0
        Bailey |   5.8 |   5.6 |  13.2 |   6.7 |   1.7 | 4569.0
       Volcano |   1.2 |   1.3 |   0.0 |   0.0 |   0.9 | 2397.0
               +-------+-------+-------+-------+-------+----------------------
